 Dungeon Crawl Stone Soup version 0.25.1-8-g42b30a86e7 (webtiles) character file.

Game seed: 114012842980626725

12467 snilloc10 the Spear-Bearer (level 11, -7/95 HPs)
             Began as a Minotaur Gladiator on Dec 10, 2020.
             Was a Believer of Nemelex Xobeh.
             Mangled by a brown ugly thing (10 damage)
             ... on level 11 of the Dungeon on Dec 11, 2020.
             The game lasted 00:54:34 (11494 turns).

snilloc10 the Spear-Bearer (Minotaur Gladiator)    Turns: 11494, Time: 00:54:37

Health: -7/95      AC:  4    Str: 22    XL:     11   Next: 62%
Magic:  10/10      EV: 19    Int:  7    God:    Nemelex Xobeh [**....]
Gold:   623        SH:  5    Dex: 18    Spells: 10/10 levels left

rFire    . . .     SeeInvis +   E - +3 bardiche (vamp)
rCold    . . .     Gourm    .   (shield currently unavailable)
rNeg     . . .     Faith    .   g - +4 ring mail {MR+}
rPois    .         Spirit   .   c - +0 hat
rElec    .         Reflect  +   G - +2 cloak {MR+}
rCorr    .         Harm     .   (no gloves)
MR       +++..                  j - +0 pair of boots of Miclodecw {MR+ Int+2 SInv}
Stlth    ++........             D - amulet of reflection
HPRegen  0.25/turn              r - +6 ring of dexterity
MPRegen  0.12/turn              k - ring of stealth

@: mighty, corroded
A: retaliatory headbutt, horns 2
a: Draw Escape, Draw Destruction, Draw Summoning, Renounce Religion


You were on level 11 of the Dungeon.
You worshipped Nemelex Xobeh.
Nemelex Xobeh was pleased with you.
You were not hungry.

You visited 3 branches of the dungeon, and saw 13 of its levels.

You collected 1049 gold pieces.
You spent 426 gold pieces at shops.

Inventory:

Hand Weapons
 a - a +1 trident of flaming
 b - a +4 spear of freezing
 h - a +2 dagger of venom
 E - a +3 vampiric bardiche (weapon)
Armour
 c - a +0 hat (worn)
 g - a +4 ring mail of magic resistance (worn)
 j - the +0 pair of boots of Miclodecw (worn) {MR+ Int+2 SInv}
   (You found it on level 5 of the Dungeon)

   It affects your intelligence (+2).
   It affects your resistance to hostile enchantments.
   It lets you see invisible.
 F - a +0 kite shield
 G - a +2 cloak of magic resistance (worn)
Jewellery
 k - a ring of stealth (right hand)
 r - a +6 ring of dexterity (left hand)
 C - an uncursed ring of fire
 D - an amulet of reflection (around neck)
Wands
 d - a wand of enslavement (3)
 i - a wand of polymorph (23)
 m - a wand of flame (30)
 t - a wand of clouds (2)
 v - a wand of disintegration (9)
 w - a wand of iceblast (5)
 B - a wand of digging (3)
Scrolls
 p - a scroll of remove curse
 s - a scroll of enchant armour
 x - a scroll of fog {unknown}
 y - a scroll of summoning {unknown}
 A - 2 scrolls of immolation {unknown}
Potions
 e - a potion of haste
 l - 3 potions of flight
 o - a potion of heal wounds {unknown}
 u - a potion of degeneration {unknown}
 z - 4 potions of mutation
Comestibles
 f - 15 rations


   Skills:
 * Level 8.9 Fighting
 * Level 11.4 Polearms
 - Level 2.0 Throwing
 * Level 9.9 Armour
 + Level 10.4 Dodging
 * Level 9.7 Shields


You had 10 spell levels left.
You didn't know any spells.
Your spell library contained the following spells:

 Spells                   Type           Power        Failure   Level  Hunger
 Animate Skeleton         Necr           N/A          56%         1    ##.....
 Corona                   Hex            #......      56%         1    ##.....
 Foxfire                  Conj/Fire      #...         56%         1    ##.....
 Pain                     Necr           #...         56%         1    ##.....
 Sting                    Tmut/Pois      #...         56%         1    ##.....
 Ensorcelled Hibernation  Hex/Ice        #.....       71%         2    ###....
 Poisonous Vapours        Pois/Air       #.....       71%         2    ###....
 Confusing Touch          Hex            #.......     90%         3    ####...
 Conjure Flame            Conj/Fire      #.......     90%         3    ####...
 Dazzling Flash           Conj/Hex       #.....       90%         3    ####...
 Ignite Poison            Fire/Tmut/Pois #.......     90%         3    ####...
 Inner Flame              Hex/Fire       #.......     90%         3    ####...
 Mephitic Cloud           Conj/Pois/Air  #.......     90%         3    ####...
 Tukima's Dance           Hex            #.......     90%         3    ####...
 Vampiric Draining        Necr           #.........   90%         3    ####...
 Animate Dead             Necr           N/A          100%        4    #####..
 Olgreb's Toxic Radiance  Pois           #.......     100%        4    #####..
 Sticky Flame             Conj/Fire      #.......     100%        4    #####..
 Agony                    Necr           #.......     100%        5    ######.
 Fireball                 Conj/Fire      #.........   100%        5    ######.
 Starburst                Conj/Fire      #.........   100%        6    #######
 Ring of Flames           Chrm/Fire      #.........   100%        7    #######
 Ignition                 Fire           #.........   100%        8    #######


Dungeon Overview and Level Annotations

Branches:
Dungeon (11/15)            Temple (1/1) D:4            Lair (0/6) D:8
    Orc (1/2) D:9

Altars:
Ashenzari
Cheibriados
Dithmenos
Elyvilon
Fedhas
Gozag
Hepliaklqana
Kikubaaqudgha
Makhleb
Nemelex Xobeh
Okawaru
Qazlal
Ru
Sif Muna
Trog
Uskayaw
Vehumet
Wu Jian
Xom
Yredelemnul
Zin
The Shining One
Beogh

Shops:
D:6 (   D:9 *   D:10 *   Orc:1 :

Annotations:
D:7 1 runed translucent door, othur's ghost, novice GrFi
D:8 3 runed translucent doors, ElPutoDani's ghost, novice CeWr


Innate Abilities, Weirdness & Mutations

You reflexively headbutt those who attack you in melee.
You have a pair of horns on your head.


Message History

You are splashed with acid!
* * * LOW HITPOINT WARNING * * *
Aiming: Disintegrate
Press: ? - help, Shift-Dir - straight line, f - brown ugly thing
Aim: a brown ugly thing (moderately wounded, chance to defeat MR: 48%)
The brown ugly thing resists with some effort.
The brown ugly thing completely misses you.
You closely miss the brown ugly thing.
The brown ugly thing is moderately wounded.
The brown ugly thing trunk-slaps you.
* * * LOW HITPOINT WARNING * * *
You are splashed with acid!
* * * LOW HITPOINT WARNING * * *
You slice the brown ugly thing!!
The brown ugly thing is severely wounded.
The brown ugly thing barely misses you. You furiously retaliate!
You headbutt the brown ugly thing, but do no damage.
The brown ugly thing trunk-slaps you!
You die...
Your body disappears without a glow.

###
..#
###.#
...#
#..#
#..#
#..#
#u@#
#.##
#. ##


You could see a brown ugly thing.

Vanquished Creatures
  A hydra (D:8)
  A two-headed ogre (D:7)
  A centaur warrior (D:8)
  Pikel (D:8)
  An orc sorcerer (Orc:1)
  Maurice (D:8)
  Joseph (D:9)
  A gargoyle (D:10)
  A centaur skeleton (D:10)
  A slime creature (D:8)
  3 hippogriffs
  A vampire (D:8)
  A wyvern (D:8)
  A wraith (D:10)
  6 yaks (D:9)
  2 hungry ghosts (D:7)
  An acid dragon (D:10)
  2 ice beasts
  4 slaves (D:8)
  9 orc warriors
  3 sky beasts
  2 eyes of draining
  A black bear (D:10)
  6 ogres
  A necrophage (D:9)
  A phantom (D:9)
  2 centaurs
  Blork the orc (D:3)
  5 bullfrogs
  An elf zombie (D:9)
  2 big kobolds (D:10)
  2 scorpions
  A troll zombie (D:9)
  11 killer bees
  6 wights
  A howler monkey (D:9)
  A crimson imp (D:7)
  2 bullfrog zombies
  A centaur zombie (D:5)
  2 quasits
  A bullfrog skeleton (D:10)
  2 jellies
  10 orc priests
  6 hounds
  6 human zombies (D:9)
  16 orc wizards
  An iguana (D:4)
  7 worker ants
  2 hound zombies
  6 hound skeletons
  A mummy (D:9)
  13 adders
  A shadow imp (D:8)
  An ooze (D:7)
  An adder zombie (D:5)
  An adder skeleton (D:4)
  6 worms
  2 dart slugs
  4 leopard geckos
  43 orcs
  5 ball pythons
  7 giant cockroaches
  8 hobgoblins
  14 jackals
  14 kobolds
  6 quokkas
  7 bats
  3 frilled lizards
  8 goblins
  An orc skeleton (D:9)
  7 rats
302 creatures vanquished.

Vanquished Creatures (collateral kills)
  2 orcs (D:9)
2 creatures vanquished.

Vanquished Creatures (others)
  2 orc warriors (D:9)
  2 withered plants (D:7)
4 creatures vanquished.

Grand Total: 308 creatures vanquished

Notes
Turn   | Place    | Note
-------+----------+-------------------------------------------
     0 | D:1      | snilloc10 the Minotaur Gladiator began the quest for the
                  | Orb.
     0 | D:1      | Reached XP level 1. HP: 18/18 MP: 0/0
     0 | D:1      | Upgraded the game from 0.25.1-2-g60ff931df9 to
                  | 0.25.1-8-g42b30a86e7
   234 | D:1      | Reached XP level 2. HP: 25/25 MP: 1/1
   569 | D:1      | Reached skill level 4 in Polearms
   919 | D:2      | Reached XP level 3. HP: 30/30 MP: 2/2
  1553 | D:3      | Reached XP level 4. HP: 24/37 MP: 3/3
  1972 | D:3      | Reached skill level 5 in Polearms
  2077 | D:3      | Reached skill level 5 in Dodging
  2077 | D:3      | Reached XP level 5. HP: 41/42 MP: 4/4
  2415 | D:3      | Found a glowing golden altar of the Shining One.
  2490 | D:3      | Found a basalt altar of Yredelemnul.
  2553 | D:3      | Noticed Blork the orc
  2560 | D:3      | Killed Blork the orc
  2560 | D:3      | Reached skill level 6 in Polearms
  2582 | D:3      | Found a shimmering blue altar of Sif Muna.
  2632 | D:4      | Reached XP level 6. HP: 50/50 MP: 5/5
  2647 | D:4      | Found a staircase to the Ecumenical Temple.
  2706 | Temple   | Entered the Ecumenical Temple
  2887 | D:4      | Noticed an ice beast
  2900 | D:4      | Killed an ice beast
  3094 | D:4      | Reached skill level 7 in Polearms
  3304 | D:4      | Reached XP level 7. HP: 56/56 MP: 6/6
  3454 | D:4      | Found a stormy altar of Qazlal.
  3640 | D:5      | Entered Level 5 of the Dungeon
  4016 | D:5      | Reached skill level 8 in Polearms
  4168 | D:5      | Got a pair of masterwork boots
  4179 | D:5      | Identified the +0 pair of boots of Miclodecw {MR+ Int+2
                  | SInv} (You found it on level 5 of the Dungeon)
  4477 | D:6      | Reached XP level 8. HP: 38/62 MP: 7/7
  4635 | D:6      | Found Askeyxte's Weapon Shoppe.
  4646 | D:6      | Bought a throwing net for 42 gold pieces
  5015 | D:6      | Found a burning altar of Makhleb.
  5015 | D:6      | Found an ornate altar of the Wu Jian Council.
  5016 | D:6      | Found a shadowy altar of Dithmenos.
  5139 | D:7      | Reached skill level 9 in Polearms
  5600 | D:7      | Found a runed translucent door.
  5600 | D:7      | Noticed othur's ghost (novice GrFi)
  6052 | D:8      | Reached XP level 9. HP: 68/68 MP: 8/8
  6100 | D:8      | Found a staircase to the Lair.
  6119 | D:8      | Reached skill level 5 in Shields
  6121 | D:8      | Reached skill level 5 in Armour
  6363 | D:8      | Noticed a two-headed ogre
  6429 | D:7      | Killed a two-headed ogre
  6429 | D:7      | Reached skill level 5 in Fighting
  6429 | D:7      | Reached XP level 10. HP: 18/81 MP: 9/9
  6961 | D:8      | Noticed a centaur warrior
  6966 | D:8      | Noticed a four-headed hydra
  6985 | D:8      | Killed a centaur warrior
  7003 | D:8      | Killed a four-headed hydra
  7580 | D:8      | Reached skill level 10 in Polearms
  7637 | D:8      | Noticed Pikel
  7654 | D:8      | Killed Pikel
  7680 | D:8      | Noticed Maurice
  7692 | D:8      | Killed Maurice
  7698 | D:8      | Found an iron altar of Okawaru.
  7717 | D:8      | Found a sparkling altar of Nemelex Xobeh.
  7725 | D:8      | Became a worshipper of Nemelex Xobeh the Trickster
  7820 | D:8      | Received a gift from Nemelex Xobeh
  7864 | D:8      | Found a runed translucent gate.
  7864 | D:8      | Identified the +6 flail of Equivalence {freeze, SInv}
  7864 | D:8      | Identified the +9 plate armour of the Skies Above {rF++
                  | rCorr}
  7865 | D:8      | Found a runed translucent gate.
  7865 | D:8      | Noticed ElPutoDani's ghost (novice CeWr)
  7895 | D:8      | Found a runed translucent gate.
  7901 | D:8      | Found a roughly hewn altar of Beogh.
  8112 | D:9      | Found a hazy altar of Hepliaklqana.
  8113 | D:9      | Found a shimmering altar of Xom.
  8204 | D:9      | Found Gozag's Platinum Reserve.
  8205 | D:9      | Found an opulent altar of Gozag.
  8326 | D:9      | Reached skill level 10 in Dodging
  8430 | D:9      | Reached * piety under Nemelex Xobeh
  8493 | D:9      | Reached XP level 11. HP: 75/92 MP: 10/10
  8631 | D:9      | Noticed Joseph
  8648 | D:9      | Killed Joseph
  8926 | D:9      | Found a staircase to the Orcish Mines.
  9095 | D:9      | Received a gift from Nemelex Xobeh
  9107 | D:9      | Identified the +0 long sword of Exquisite Death {freeze,
                  | rF+}
  9338 | D:9      | Found an ancient bone altar of Kikubaaqudgha.
  9436 | Orc:1    | Entered Level 1 of the Orcish Mines
  9656 | Orc:1    | Noticed an orc sorcerer
  9670 | Orc:1    | Killed an orc sorcerer
  9670 | Orc:1    | Reached skill level 11 in Polearms
  9794 | Orc:1    | Found a roughly hewn altar of Beogh.
  9942 | Orc:1    | Found Xear Muc's Book Shop.
  9976 | D:10     | Entered Level 10 of the Dungeon
 10319 | D:10     | Reached ** piety under Nemelex Xobeh
 10321 | D:10     | Received a gift from Nemelex Xobeh
 10819 | D:10     | Found Oroyqea's Assorted Antiques.
 10837 | D:10     | Bought a glowing bardiche for 384 gold pieces
 10854 | D:10     | Received a gift from Nemelex Xobeh
 11487 | D:11     | Noticed a brown ugly thing
 11493 | D:11     | HP: 3/95 [acid (8)]
 11494 | D:11     | Mangled by a brown ugly thing

Illustrated notes

Levels and vault maps discovered:
D:1:      matt_arrival_los_fun, layout_loops_ring, amethyst_killhole,
          minmay_misc_feat_plants
D:2:      layout_rooms
D:3:      kb_forest_paths, layout_rooms, tso_metal_star, tgw_sif,
          lemuel_round_altar
D:4:      layout_cave_pools, grunt_qazlal_sundering,
          minmay_temple_entry_drinking_statues
D:5:      layout_rooms, first_ration
D:6:      layout_cave_pools, chequers_temple_overflow_statue_of_worship,
          serial_shops, shop
D:7:      layout_loops_ring, gammafunk_ghost_grave
D:8:      minmay_cut_squares, layout_cave_pools, okawaru_metal_pillars_1_2,
          overflow_temple_1_default, lair_entry_dummy,
          biasface_ghost_orc_armoury, uniq_maurice, uniq_pikel
D:9:      layout_irregular_city, regret_index_temple_of_mockery,
          nicolae_gozag_zags_fifth_avenue, lemuel_mausoleum_altar_kikubaaqudgha,
          david_orc_2, uniq_joseph
D:10:     layout_grid_maze, serial_shops, nicolae_shop_window_shopping
D:11:     layout_basic
Temple:   nicolae_temple_figure_zero
Orc:1:    layout_caves, serial_shops, shop, basic_altar

Skill      XL: |  1  2  3  4  5  6  7  8  9 10 11 |
---------------+----------------------------------+-----
Polearms       | 4 5 6 7 8 9 10 11 | 11.4
Dodging        | 4 5 6 7 8 9 10 | 10.4
Armour         | 4 6 8 9 |  9.9
Shields        | 4 7 8 9 |  9.7
Fighting       | 5 7 8 |  8.9
Throwing       | |  2.0

Action                   |  1- 3 |  4- 6 |  7- 9 | 10-12 || total
-------------------------+-------+-------+-------+-------++-------
Melee: Trident           |    84 |   139 |   193 |       ||   416
       Headbutt          |     9 |    29 |    54 |   106 ||   198
       Spear             |       |       |    46 |   477 ||   523
       Bardiche          |       |       |       |    31 ||    31
Throw: Throwing net      |     3 |       |     4 |     5 ||    12
Invok: Draw Escape       |       |       |       |     1 ||     1
       Draw Destruction  |       |       |       |     1 ||     1
       Draw Summoning    |       |       |       |     1 ||     1
Evoke: Wand              |       |     6 |     1 |     4 ||    11
  Use: Scroll            |     3 |       |    18 |     1 ||    22
       Potion            |       |       |     6 |     3 ||     9
 Stab: Sleeping          |       |       |     2 |     8 ||    10
       Distracted        |       |       |       |     1 ||     1
       Held in net/web   |       |       |       |     1 ||     1
  Eat: Chunk             |     2 |     5 |    11 |    14 ||    32
       Ration            |       |       |       |     1 ||     1
Armor: Leather armour    |    15 |    13 |       |       ||    28
       Scale mail        |       |    11 |     5 |       ||    16
       Ring mail         |       |       |    26 |    51 ||    77
       Robe              |       |       |     3 |       ||     3
Dodge: Dodged            |    55 |    59 |   110 |   146 ||   370
Block: Kite shield       |       |       |    43 |   127 ||   170
       Other             |       |       |       |    25 ||    25
       Reflection        |       |       |       |    15 ||    15
